 Dungeon Crawl Stone Soup version 0.28.0-53-g5a82cb258f (webtiles) character file.

Game seed: 4786758721259603368

284440 fictitious the Wrestler (level 19, -29/185 HPs)
             Began as a Troll Cinder Acolyte on May 21, 2022.
             Was a Follower of Ignis.
             Shot with a bolt by a yaktaur captain (42 damage)
             ... on level 2 of the Vaults.
             The game lasted 03:04:15 (38456 turns).

fictitious the Wrestler (Troll Cinder Acolyte)     Turns: 38456, Time: 03:04:16

Health: -29/185    AC: 18    Str: 27    XL:     19   Next: 78%
Magic:  19/19      EV: 17    Int: 12    God:    Ignis [*.....]
Gold:   1199       SH:  5    Dex: 11    Spells: 18/20 levels left

rFire   + . .      SeeInvis +     - Unarmed
rCold   + . .      Faith    .   (no shield)
rNeg    . . .      Spirit   .   F - +1 acid dragon scales
rPois   .          Reflect  +   d - +3 crown of Dyrovepreva {rElec Int+2 SInv}
rElec   +          Harm     .   T - +2 cloak
rCorr   +          Rampage  .   (gloves unavailable)
Will    .....                   (boots unavailable)
Stlth   +.........              h - amulet of reflection
HPRegen 1.20/turn               Q - +4 ring of evasion
MPRegen 0.16/turn               g - ring of protection from cold

@: about to teleport, weak-willed, hasted and slowed, invisible
A: large, unfitting armour, claws 3, regeneration 1, shaggy fur 1, tough skin 1
}: 2/15 runes: decaying, serpentine
a: Renounce Religion, Fiery Armour, Foxfire Swarm, Rising Flame


You were on level 2 of the Vaults.
You worshipped Ignis.
Ignis was aware of your devotion.
You visited 6 branches of the dungeon, and saw 33 of its levels.
You also visited: Gauntlet and Volcano.

You collected 3479 gold pieces.
You spent 2280 gold pieces at shops.

Inventory:

Hand Weapons
 m - the +10 trident "Riumanoysch" {flame, Will++}
   (You found it on level 6 of the Lair of Beasts)

   It burns those it strikes, dealing additional fire damage.
   Will:      It greatly increases your willpower.
 s - the +8 whip "Snakebite" {venom, curare, rPois}
   (You found it on level 3 of the Lair of Beasts)

   It poisons the flesh of those it strikes.
   It occasionally inflicts asphyxiating poison on those it strikes, dealing
   poison damage and causing slowness.
   rPois:     It protects you from poison.
Missiles
 a - 7 javelins
 v - 11 silver javelins
 D - 24 large rocks (quivered)
 H - 3 curare-tipped darts
Armour
 d - the +3 crown of Dyrovepreva (worn) {rElec Int+2 SInv}
   (You acquired it on level 4 of the Snake Pit)

   Int:       It affects your intelligence (+2).
   rElec:     It insulates you from electricity.
   SInv:      It lets you see invisible.
 f - a +1 robe of willpower
 i - a +2 tower shield of cold resistance
 F - +1 acid dragon scales (worn)
 N - the +0 robe "Gethrubro" {Rampage rC+}
   (You found it on level 10 of the Dungeon)

   rC:        It protects you from cold.
   Rampage:   It bestows one free step when moving towards enemies.
 T - a +2 cloak (worn)
 W - a +1 kite shield of fire resistance
Jewellery
 g - a ring of protection from cold (right claw)
 h - an amulet of reflection (around neck)
 l - a +4 ring of evasion
 p - an amulet of guardian spirit
 u - a ring of poison resistance
 C - a ring of positive energy
 M - a ring of resist corrosion
 O - a ring of flight
 Q - a +4 ring of evasion (left claw)
 R - the amulet "Qilastu" {rPois Regen+ rCorr}
   (You found it in a Gauntlet)

   [amulet of regeneration]

   rPois:     It protects you from poison.
   Regen:     It increases your rate of health regeneration.
   rCorr:     It protects you from acid and corrosion.
 S - a ring of Ypism {rF+ rC- Int+4 Dex+6}
   (You took it off a minotaur in a Gauntlet)

   [ring of dexterity]

   Int:       It affects your intelligence (+4).
   Dex:       It affects your dexterity (+6).
   rF:        It protects you from fire.
   rC:        It makes you vulnerable to cold.
Wands
 A - a wand of acid (14)
 B - a wand of iceblast (34)
 I - a wand of digging (33)
Scrolls
 k - 4 scrolls of fog
 o - 3 scrolls of fear
 z - 6 scrolls of teleportation
 G - 3 scrolls of blinking {!r}
 L - a scroll of summoning
 U - 6 scrolls of magic mapping
Potions
 b - a potion of haste {!q}
 c - 6 potions of might
 e - 4 potions of ambrosia
 j - 5 potions of magic
 r - 2 potions of attraction
 t - 4 potions of flight
 y - 3 potions of cancellation
 J - 2 potions of resistance
 K - 6 potions of mutation {!q}
 P - 9 potions of curing
Miscellaneous
 n - a phial of floods
 E - a phantom mirror (inert)


   Skills:
 + Level 11.1 Fighting
 - Level 6.0 Maces & Flails
 * Level 8.6 Throwing
 + Level 11.5 Armour
 + Level 11.5 Dodging
 - Level 12.0 Shields
 * Level 23.2 Unarmed Combat
 - Level 1.0 Spellcasting
 - Level 2.1 Fire Magic


You had 18 spell levels left.
You knew the following spells:

 Your Spells              Type           Power      Damage    Failure   Level
a - Scorch                Fire           10%        2d6       22%         2

Your spell library contained the following spells:

 Spells                   Type           Power      Damage    Failure   Level
 Foxfire                  Conj/Fire      12%        2x1d4     22%         1
 Animate Skeleton         Necr           0%         N/A       34%         1
 Apportation              Tloc           0%         N/A       34%         1
 Pain                     Necr           0%         1d4       34%         1
 Sandblast                Erth           0%         2d4       34%         1
 Slow                     Hex            0%         N/A       34%         1
 Sting                    Tmut/Pois      0%         1d3       34%         1
 Corpse Rot               Necr/Air       0%         N/A       45%         2
 Passwall                 Tmut/Erth      0%         N/A       45%         2
 Poisonous Vapours        Pois/Air       0%         N/A       45%         2
 Static Discharge         Conj/Air       0%         N/A       45%         2
 Conjure Flame            Conj/Fire      3%         6-21      54%         3
 Inner Flame              Hex/Fire       3%         N/A       54%         3
 Call Canine Familiar     Summ           0%         N/A       71%         3
 Confusing Touch          Hex            0%         N/A       71%         3
 Portal Projectile        Hex/Tloc       0%         N/A       71%         3
 Stone Arrow              Conj/Erth      0%         3d7       71%         3
 Vampiric Draining        Necr           0%         2d6       71%         3
 Flame Wave               Conj/Fire      3%         2d4       91%         4
 Sticky Flame             Conj/Fire      3%         2d3       91%         4
 Dispel Undead            Necr           0%         3d6       98%         4
 Fulminant Prism          Conj/Hex       0%         3d6       98%         4
 Iskenderun's Mystic Bla  Conj/Tloc      0%         2d3       98%         4
 Leda's Liquefaction      Hex/Erth       0%         N/A       98%         4
 Olgreb's Toxic Radiance  Pois           0%         N/A       98%         4
 Alistair's Intoxication  Tmut/Pois      0%         N/A       100%        5
 Irradiate                Conj/Tmut      0%         3d14      100%        5
 Lee's Rapid Deconstruct  Erth           0%         3d5*      100%        5
 Summon Forest            Summ/Tloc      0%         N/A       100%        5
 Eringya's Noxious Bog    Tmut/Pois      0%         N/A       100%        6
 Statue Form              Tmut/Erth      0%         N/A       100%        6
 Summon Cactus Giant      Summ           0%         N/A       100%        6
 Ozocubu's Refrigeration  Ice            0%         4d5       100%        7
 Summon Hydra             Summ           0%         N/A       100%        7
 Ignition                 Fire           2%         3d3       100%        8


Dungeon Overview and Level Annotations

Branches:
Dungeon (15/15)            Temple (0/1) D:4            Lair (6/6) D:10
  Swamp (4/4) Lair:2        Snake (4/4) Lair:4        Slime (0/5) Lair:5
    Orc (2/2) D:12            Elf (0/3) Orc:2        Vaults (2/5) D:13
 Depths (0/4) D:15        Volcano (visited)         Gauntlet (visited)
  Crypt: Vaults:2-3

Altars:
Ashenzari
Kikubaaqudgha
Xom
Beogh

Shops:
D:8 *=   D:12 ?   D:15 *   Orc:2 =((==   Vaults:1 ?

Annotations:
Lair:6 exclusion: obsidian statue
Swamp:4 1 runed translucent door, Icepheonix32's ghost, adept DsFi


Innate Abilities, Weirdness & Mutations

You are too large for most types of armour.
You have claws for hands.
Your natural rate of healing is unusually fast.
You are covered in fur. (AC +1)
You have tough skin. (AC +1)


Message History

The dream sheep ruffles its wool and motes of dream dust sparkle, to no effect.
A yaktaur captain comes into view.
You hear two shouts!
You hear a shout!
You hear two shouts!
As you read the scroll of teleportation, it crumbles to dust.
You feel strangely unstable.
You hear a shout!
The dream sheep changes into a merfolk!
An ironbound convoker comes into view. It is wielding a +0 morningstar.
The lich touches you but does no damage.
Okay, then.
You feel much better.
The ironbound convoker points at the yaktaur captain and mumbles some strange words.
The yaktaur captain seems to grow stronger.
The deep elf annihilator barely misses you.
The lich is lost in a daze.
The yaktaur captain wields a +0 arbalest.
The yaktaur captain shoots a bolt.
You reflect the bolt off an invisible shield around you!
The bolt hits the yaktaur captain!
You barely miss the lich.
The lich is lightly damaged.
The merfolk changes into an anaconda!
You scratch the lich. Your claw misses the lich.
The lich is moderately damaged.
The deep elf annihilator points at you and mumbles some strange words.
The iron shot hits you!!!
* * * LOW HITPOINT WARNING * * *
The lich touches you but does no damage.
The yaktaur captain shoots a bolt.
The bolt hits you!!
* * * LOW HITPOINT WARNING * * *
You fade into invisibility!
The deep elf annihilator hits you but does no damage.
The lich is lost in a daze.
The yaktaur captain shoots a bolt.
The bolt hits you!!!
You die...

......#
..<...#
..[...#
......#
......# .
'######
#########c'
..#
#........S.
.####
#.......p..
..#.#
+.e@.......
....#
+...L......
..#.#
#..........
.####
#..........
..#
###########
###


You could see a lich (invisible, dazed), a yaktaur captain (strong), a deep elf
annihilator, an anaconda shaped shifter and an ironbound convoker.

Vanquished Creatures
  Mara (Swamp:3)
  Jorgrun (Snake:1)
  Mlioglotl (Snake:2)
  A thorn hunter (Swamp:4)
  Frances (Swamp:1)
  2 sphinxes
  Agnes (Snake:4)
  A tengu reaver (Vaults:1)
  6 nagarajas (Snake:4)
  3 fire giants
  A fenstrider witch (Swamp:3)
  A frost giant (Vaults:1)
  3 vault wardens
  8 ironbound preservers
  A ghoul (Vaults:2)
  A quicksilver ooze (shapeshifter) (Vaults:1)
  2 stone giants (Vaults:1)
  A very ugly thing (D:15)
  An ironbound thunderhulk (Vaults:1)
  4 eleionomae
  6 bunyips
  6 dire elephants
  A minotaur (Gauntlet)
  An entropy weaver (Vaults:2)
  An ettin (Vaults:1)
  3 yaktaur captains
  A deep elf high priest (Vaults:1)
  A vault guard (Vaults:1)
  A rakshasa (D:15)
  4 ironbound frosthearts
  18 naga warriors
  4 salamander tyrants (Snake:4)
  A shambling mangrove (Swamp:4)
  A spriggan air mage (Swamp:4)
  A ghost crab (Swamp:4)
  A peacekeeper (Vaults:1)
  15 hydras
  4 boulder beetles
  2 ogre magi (Orc:2)
  14 centaur warriors
  A catoblepas (Gauntlet)
  A death knight (D:10)
  13 anacondas
  12 alligators
  11 two-headed ogres
  A deep troll earth mage (Vaults:1)
  A tengu warrior (D:13)
  Urug (Lair:6)
  7 death yaks
  8 shock serpents
  21 naga sharpshooters
  Nergalle (D:12)
  A fire crab (Gauntlet)
  2 spectral death yaks (Lair:6)
  5 salamander mystics
  A fire crab (shapeshifter) (D:13)
  4 goliath frogs
  3 skeletal warriors (D:12)
  5 spriggan druids
  A spectral anaconda (Lair:6)
  24 deep trolls
  A death drake (Swamp:2)
  2 wizards (Vaults:1)
  6 bog bodies
  A glowing orange brain (D:15)
  15 naga ritualists
  A deep elf archer (D:13)
  4 ironbound convokers (Vaults:1)
  12 swamp dragons
  Pikel (D:7)
  2 phantasmal warriors
  13 mana vipers
  7 deep elf pyromancers
  8 deep elf zephyrmancers
  2 orc knights
  5 necromancers
  8 lindwurms
  A harpy (shapeshifter) (D:15)
  20 ugly things
  4 harpies (Vaults:1)
  3 manticores
  A human zombie (Vaults:1)
  An orc sorcerer (Orc:1)
  A stone giant skeleton (Vaults:1)
  24 elephants
  5 cyclopes
  4 will-o-the-wisps
  14 naga magi
  Joseph (D:7)
  46 black mambas
  A molten gargoyle (Gauntlet)
  A dire elephant zombie (Lair:6)
  2 gargoyles (Gauntlet)
  3 guardian serpents (Snake:4)
  5 vault sentinels
  5 salamanders
  2 torpor snails
  Maggie (D:7)
  2 dire elephant skeletons (Lair:6)
  11 cane toads
  3 unseen horrors
  A kobold demonologist (D:13)
  10 rime drakes
  8 komodo dragons
  10 yaktaurs
  2 tengu conjurers
  An efreet (D:13)
  A freezing wraith (Vaults:1)
  11 trolls
  A human skeleton (Vaults:1)
  A burning bush (Lair:1)
  6 hornets
  7 tyrant leeches
  3 polar bears
  A bloated husk (Swamp:3)
  A wolf spider simulacrum (D:14)
  Grinder (D:4)
  23 slime creatures
  2 spectral elephants (Lair:6)
  12 blink frogs
  3 shadows
  Sigmund (D:2)
  8 spriggans
  3 wraiths
  A vampire (D:10)
  A hog (shapeshifter) (D:15)
  11 wyverns
  50 yaks
  8 basilisks
  9 fire bats
  3 redbacks (Vaults:2)
  11 vampire mosquitoes
  A death yak simulacrum (Lair:6)
  Menkaure (D:7)
  2 wargs (Orc:1)
  A spectral cane toad (Lair:6)
  58 nagas
  14 swamp worms
  Duvessa (D:4)
  4 acid dragons
  4 hell hounds
  27 water moccasins
  A sky beast (D:7)
  14 orc warriors
  A black bear (D:10)
  7 swamp drakes
  A necrophage (D:6)
  A hornet zombie (D:9)
  21 ogres
  15 wolves
  12 centaurs
  2 elephant zombies (Lair:6)
  3 lemures (D:7)
  3 elephant skeletons (Lair:6)
  A phantom (D:4)
  5 kobold brigands
  13 bullfrogs
  A gnoll sergeant (D:11)
  2 water moccasin zombies (D:5)
  A wyvern skeleton (D:6)
  4 scorpions
  A cane toad simulacrum (Lair:6)
  Dowan (D:4)
  4 water moccasin skeletons
  10 killer bees
  An elephant simulacrum (Lair:6)
  14 wights
  2 howler monkeys (D:7)
  3 electric eels
  3 bullfrog zombies
  2 centaur zombies
  11 orc priests
  A gnoll shaman (D:3)
  A bullfrog skeleton (D:6)
  A hound (D:5)
  4 jellies
  A centaur skeleton (D:6)
  4 iguanas
  A scorpion zombie (D:5)
  Natasha (thrice) (D:3)
  15 orc wizards
  8 hell rats
  2 hound zombies (D:5)
  A howler monkey zombie (D:9)
  Robin (D:2)
  13 gnolls
  7 adders
  3 shadow imps
  An ufetubus (D:5)
  An adder zombie (D:5)
  An adder skeleton (D:4)
  2 worms
  2 dart slugs (D:1)
  49 orcs
  5 bats
  11 endoplasms
  9 giant cockroaches
  18 goblins
  8 hobgoblins
  4 jackals (D:2)
  A quokka (D:2)
  2 ball pythons
  8 frilled lizards
  35 kobolds
  5 rats
  A briar patch (Swamp:4)
1213 creatures vanquished.

Vanquished Creatures (collateral kills)
  the Lernaean hydra (Swamp:4)
  A hydra (Swamp:4)
  A bog body (Swamp:4)
  A naga mage (Snake:1)
  2 black mambas (Snake:1)
6 creatures vanquished.

Vanquished Creatures (others)
  A wizard (Vaults:2)
  A naga mage (Snake:4)
  A cane toad (Lair:6)
  3 bloated husks
  A hornet (Swamp:4)
  4 foxfires
  31 fungi
  32 plants
  25 withered plants
99 creatures vanquished.

Grand Total: 1318 creatures vanquished

Notes
Turn   | Place    | Note
-------+----------+-------------------------------------------
     0 | D:1      | fictitious the Troll Cinder Acolyte began the quest for the
                  | Orb.
     0 | D:1      | Reached XP level 1. HP: 22/22 MP: 1/1
   161 | D:1      | Reached XP level 2. HP: 27/29 MP: 2/2
   301 | D:1      | Reached skill level 4 in Unarmed Combat
   419 | D:1      | Reached XP level 3. HP: 36/36 MP: 3/3
  1257 | D:2      | Reached skill level 5 in Unarmed Combat
  1257 | D:2      | Reached XP level 4. HP: 33/44 MP: 4/4
  1274 | D:2      | Noticed Sigmund
  1365 | D:3      | Found a faded altar of an unknown god.
  1671 | D:3      | Reached XP level 5. HP: 50/50 MP: 5/5
  1808 | D:3      | Noticed Natasha
  1816 | D:3      | Killed Natasha
  1817 | D:3      | Reached skill level 6 in Unarmed Combat
  1858 | D:3      | Noticed Natasha
  1862 | D:3      | Killed Natasha
  1914 | D:3      | Noticed Natasha
  1934 | D:3      | Killed Natasha
  2058 | D:3      | Reached XP level 6. HP: 32/59 MP: 6/6
  2351 | D:4      | Reached skill level 7 in Unarmed Combat
  2511 | D:4      | Found a staircase to the Ecumenical Temple.
  2663 | D:4      | Noticed Grinder
  2663 | D:4      | Paralysed by Grinder for 7 turns
  2680 | D:4      | Killed Grinder
  2681 | D:4      | Reached skill level 8 in Unarmed Combat
  2681 | D:4      | Reached XP level 7. HP: 66/66 MP: 7/7
  3042 | D:4      | Noticed Dowan
  3043 | D:4      | Noticed Duvessa
  3127 | D:5      | Entered Level 5 of the Dungeon
  3177 | D:4      | Reached skill level 9 in Unarmed Combat
  3380 | D:5      | Reached XP level 8. HP: 74/74 MP: 8/8
  3488 | D:5      | Reached skill level 1 in Dodging
  3491 | D:5      | Reached skill level 10 in Unarmed Combat
  3577 | D:5      | Learned a level 2 spell: Scorch
  3755 | D:5      | Found a broken altar of Ashenzari.
  4343 | D:6      | Reached XP level 9. HP: 83/83 MP: 9/9
  4585 | D:6      | Reached skill level 11 in Unarmed Combat
  5229 | D:7      | Noticed Maggie
  5239 | D:7      | Killed Maggie
  5240 | D:7      | Reached skill level 1 in Maces & Flails
  5376 | D:7      | Reached skill level 5 in Dodging
  5448 | D:7      | Noticed Pikel
  5462 | D:7      | Killed Pikel
  5474 | D:7      | Reached XP level 10. HP: 51/92 MP: 10/10
  5541 | D:7      | Noticed Joseph
  5558 | D:7      | Killed Joseph
  5668 | D:7      | Noticed Menkaure
  5689 | D:7      | Killed Menkaure
  5930 | D:7      | Reached skill level 5 in Maces & Flails
  6152 | D:8      | Noticed a deep elf pyromancer
  6177 | D:8      | Killed a deep elf pyromancer
  6178 | D:8      | Reached skill level 12 in Unarmed Combat
  6307 | D:8      | Found Bauthrad's Jewellery Emporium.
  6320 | D:8      | Bought a ring of see invisible for 180 gold pieces
  6657 | D:8      | Got the Disquisition on Black Rites and Changing
  6683 | D:8      | Found Fuoluf's Neck Hole.
  7344 | D:9      | Found an ancient bone altar of Kikubaaqudgha.
  7685 | D:10     | Entered Level 10 of the Dungeon
  7696 | D:9      | Reached skill level 5 in Fighting
  7706 | D:10     | Reached XP level 11. HP: 102/102 MP: 11/11
  8188 | D:10     | Identified the +0 robe "Gethrubro" {Rampage rC+}
  8198 | D:10     | Found a staircase to the Lair.
  8212 | D:10     | Reached skill level 13 in Unarmed Combat
  8336 | Lair:1   | Entered Level 1 of the Lair of Beasts
  9289 | D:8      | Bought a ring of flight for 210 gold pieces
  9377 | D:11     | Identified the +0 robe of the Six Mystics {Str+4}
  9400 | D:11     | Noticed a death knight
  9678 | D:11     | Found a gate leading to a gauntlet.
  9692 | D:11     | Reached XP level 12. HP: 99/118 MP: 12/12
  9696 | Gauntlet | Entered a Gauntlet
  9696 | Gauntlet | Found a transporter.
  9713 | Gauntlet | Found a transporter.
  9725 | Gauntlet | Found a transporter.
  9729 | Gauntlet | Found a transporter.
  9732 | Gauntlet | Noticed a catoblepas
  9744 | Gauntlet | Found a transporter.
  9762 | Gauntlet | Found a transporter.
  9766 | Gauntlet | Found a transporter.
  9770 | Gauntlet | Found a transporter.
  9778 | Gauntlet | Noticed a hell hog
  9794 | Gauntlet | Noticed a cacodemon
  9804 | Gauntlet | Found a transporter.
  9804 | Gauntlet | Found a transporter.
  9811 | Gauntlet | Found a transporter.
  9817 | Gauntlet | Noticed a six-headed hydra
  9842 | Gauntlet | Found a transporter.
  9944 | Gauntlet | Reached skill level 14 in Unarmed Combat
  9968 | Gauntlet | Identified the +1 hat of Submission {Harm Will- rCorr}
 10008 | Gauntlet | Killed a catoblepas
 10015 | Gauntlet | Identified the amulet "Qilastu" {rPois Regen+ rCorr}
 10116 | Gauntlet | Identified a ring of Ypism {rF+ rC- Int+4 Dex+6}
 10116 | Gauntlet | Noticed a minotaur
 10123 | Gauntlet | Killed a minotaur
 10136 | Gauntlet | Identified the amulet of Riting {Regen+ Str+5}
 10445 | Lair:2   | Reached skill level 15 in Unarmed Combat
 10552 | Lair:2   | Reached skill level 1 in Armour
 10914 | Lair:2   | Found a staircase to the Swamp.
 10954 | Lair:2   | Noticed a six-headed hydra
 10961 | Lair:2   | Killed a six-headed hydra
 11229 | Lair:3   | Reached XP level 13. HP: 131/131 MP: 13/13
 11305 | Lair:3   | Found the +8 whip "Snakebite" {venom, curare, rPois}
 11731 | Lair:3   | Reached skill level 5 in Armour
 12247 | Lair:4   | Found a staircase to the Snake Pit.
 12395 | Lair:4   | Reached skill level 16 in Unarmed Combat
 13099 | Lair:5   | Reached skill level 1 in Throwing
 13161 | Lair:5   | Identified the +2 ring mail of the Griffon {rC+}
 13218 | Lair:5   | Found a staircase to the Slime Pits.
 13633 | Lair:5   | Reached XP level 14. HP: 139/140 MP: 14/14
 14265 | Lair:6   | Entered Level 6 of the Lair of Beasts
 14355 | Lair:6   | Noticed Urug
 14388 | Lair:6   | Killed Urug
 14411 | Lair:6   | Reached skill level 5 in Throwing
 14507 | Lair:6   | Found a dark tunnel.
 14517 | Volcano  | Entered a volcano
 14943 | Lair:6   | Reached skill level 17 in Unarmed Combat
 15785 | Lair:6   | Identified the +10 trident "Riumanoysch" {flame, Will++}
 16432 | D:11     | Reached skill level 18 in Unarmed Combat
 17204 | D:12     | Found Eduvust's Magic Scroll Shoppe.
 17212 | D:12     | Bought a scroll of teleportation for 39 gold pieces
 17212 | D:12     | Bought a scroll of enchant armour for 97 gold pieces
 17212 | D:12     | Bought a scroll of enchant armour for 97 gold pieces
 17212 | D:12     | Bought a scroll of holy word for 97 gold pieces
 17217 | D:12     | Bought a scroll of identify for 26 gold pieces
 17217 | D:12     | Bought a scroll of identify for 26 gold pieces
 17217 | D:12     | Bought a scroll of identify for 26 gold pieces
 17519 | D:12     | Reached XP level 15. HP: 144/146 MP: 15/15
 17700 | D:12     | Found a staircase to the Orcish Mines.
 17979 | D:12     | Noticed Nergalle
 17992 | D:12     | Killed Nergalle
 18232 | Orc:1    | Entered Level 1 of the Orcish Mines
 18825 | Orc:2    | Entered Level 2 of the Orcish Mines
 18828 | Orc:2    | Found a staircase to the Elven Halls.
 18936 | Orc:2    | Found Goydyunn's Jewellery Emporium.
 19558 | Orc:2    | Reached skill level 19 in Unarmed Combat
 19600 | Orc:2    | Found Iprosoum's Jewellery Emporium.
 19606 | Orc:2    | Found Xeguraux's Weapon Shop.
 19613 | Orc:2    | Found Usuw Buu's Antique Weapon Shoppe.
 19614 | Orc:2    | Found Xiroywat's Jewellery Emporium.
 19899 | Orc:2    | Bought a ring of protection from cold for 275 gold pieces
 19946 | Orc:2    | Bought a ring of poison resistance for 240 gold pieces
 19977 | Orc:2    | Bought a ring of resist corrosion for 280 gold pieces
 20152 | Snake:1  | Entered Level 1 of the Snake Pit
 20553 | Snake:2  | Reached skill level 1 in Shields
 20623 | Snake:2  | Noticed Mlioglotl
 20645 | Snake:2  | Killed Mlioglotl
 21644 | Snake:1  | Reached XP level 16. HP: 145/156 MP: 16/16
 21778 | Snake:1  | Reached skill level 20 in Unarmed Combat
 22081 | Snake:1  | Noticed Jorgrun
 22097 | Snake:1  | Killed Jorgrun
 23524 | Snake:3  | Reached skill level 5 in Shields
 24376 | Swamp:1  | Entered Level 1 of the Swamp
 24598 | Swamp:1  | Reached skill level 21 in Unarmed Combat
 24609 | Swamp:1  | Noticed Frances
 24621 | Swamp:1  | Killed Frances
 25750 | Swamp:3  | Noticed Mara
 25752 | Swamp:3  | Reached XP level 17. HP: 138/163 MP: 17/17
 26075 | Swamp:3  | Killed Mara
 26183 | Swamp:3  | Reached skill level 10 in Armour
 26201 | Swamp:3  | Reached skill level 10 in Dodging
 26586 | Swamp:4  | Entered Level 4 of the Swamp
 26828 | Swamp:4  | Found a runed translucent door.
 26828 | Swamp:4  | Found a shimmering altar of Xom.
 26828 | Swamp:4  | Noticed Icepheonix32's ghost (adept DsFi)
 26828 | Swamp:4  | Identified the +7 glaive "Cattofio" {chaos, rElec rCorr
                  | Int+2}
 27220 | Swamp:4  | Noticed the 27-headed Lernaean hydra
 27225 | Swamp:4  | Killed the 27-headed Lernaean hydra
 27410 | Swamp:4  | Reached skill level 22 in Unarmed Combat
 27592 | Swamp:4  | Got a decaying rune of Zot
 27661 | Swamp:4  | Reached skill level 10 in Fighting
 28329 | D:4      | Killed Duvessa
 28331 | D:4      | Killed Dowan
 28571 | D:2      | Noticed Robin
 28596 | D:2      | Killed Robin
 28614 | D:2      | Identified the +14 chain mail of the Fiddle {Regen+ Dex+3
                  | Slay+2}
 28926 | D:2      | Killed Sigmund
 29334 | D:13     | Identified the +10 falchion of Zuymnuny {venom, rElec rF+
                  | Dex+3}
 29439 | D:13     | Found a gate to the Vaults.
 30700 | D:15     | Entered Level 15 of the Dungeon
 30967 | D:15     | Found a staircase to the Depths.
 31219 | D:15     | Reached XP level 18. HP: 150/174 MP: 18/18
 31379 | D:15     | Found Nefaiqim's Overcharged Wands.
 31721 | Snake:4  | Entered Level 4 of the Snake Pit
 31744 | Snake:4  | Noticed Agnes
 31750 | Snake:4  | Killed Agnes
 32580 | Snake:4  | Identified a scroll of acquirement
 32871 | Snake:4  | Reached skill level 10 in Shields
 33006 | Snake:4  | Acquired the +3 crown of Dyrovepreva {rElec Int+2 SInv}
 33006 | Snake:4  | Found the +3 crown of Dyrovepreva {rElec Int+2 SInv}
 34491 | Snake:4  | Got a serpentine rune of Zot
 34894 | Orc:2    | Bought a +4 ring of evasion for 432 gold pieces
 35004 | Vaults:1 | Entered Level 1 of the Vaults
 35459 | Vaults:1 | Reached XP level 19. HP: 139/183 MP: 19/19
 35863 | Vaults:1 | Found Neestoer's Magic Scroll Boutique.
 35875 | Vaults:1 | Bought a scroll of teleportation for 57 gold pieces
 35875 | Vaults:1 | Bought a scroll of magic mapping for 66 gold pieces
 35875 | Vaults:1 | Bought a scroll of magic mapping for 66 gold pieces
 35875 | Vaults:1 | Bought a scroll of fear for 66 gold pieces
 37018 | Vaults:1 | Found the +9 heavy crossbow "Sniper" {vorpal, Acc+∞ SInv}
 37267 | Vaults:2 | Reached skill level 23 in Unarmed Combat
 38456 | Vaults:2 | Shot with a bolt by a yaktaur captain

Illustrated notes

Levels and vault maps discovered:
D:1:      eino_arrival_cavern_e, layout_basic, minmay_tree_intersection,
          minmay_worlds_worst_comb
D:2:      layout_basic, uniq_sigmund, uniq_robin
D:3:      layout_basic, nicolae_ecumenical_pavilion, minmay_surrounded,
          uniq_natasha
D:4:      layout_layer_cave, minmay_temple_entry_statues_pillars, uniq_duvessa,
          uniq_grinder
D:5:      layout_basic, nicolae_ashenzari_skybound, serial_undead,
          serial_undead_e, serial_undead_f, serial_undead_e, serial_undead_e,
          serial_undead_e, serial_undead_e, nrook_loot_triangle
D:6:      layout_loops_cross, hangedman_decor_points
D:7:      layout_cave_pods, uniq_maggie, uniq_joseph, uniq_pikel, uniq_menkaure
D:8:      layout_rooms, serial_shops, nicolae_shop_trees, minmay_misc_feat_iff,
          nicolae_shop_sticking_my_neck_out
D:9:      layout_stronghold, kiku_gazebo_garden_becter
D:10:     layout_cave_pools, grunt_lair_entry_orc_guard_hut
D:11:     layout_stronghold, gauntlet_entry_generic, minmay_between
D:12:     layout_stronghold, orc_0_dummy, serial_shops, nicolae_shop_stone,
          uniq_nergalle
D:13:     layout_roguey, hangedman_vaults_entry_quadrant_bands,
          minmay_misc_feat_plants
D:14:     layout_roguey, kennysheep_cross_bottleneck, grunt_ministairs_7
D:15:     gammafunk_enter_depths_forms, layout_rooms, minivault_26,
          nicolae_shop_overcharged_wands
Lair:1:   hellmonk_destroyed_diamonds, layout_loops_ring, evilmike_ambush
          [evilmike_ambush_outer_basic, evilmike_ambush_inner_basic],
          serial_bayou_shore_b
Lair:2:   layout_cave_shapes, nicolae_swamp_entry_splash_gauntlet,
          lemuel_fruit_fields
Lair:3:   minmay_guarded_unrand_snakebite, layout_small_grid,
          infiniplex_staircase_pool
Lair:4:   layout_roguey, minmay_snake_entry_guardpost_medium, st_stairs_12
Lair:5:   layout_roguey [special_room_mythical_zoo], slime_dummy,
          grunt_megastairs_4
Lair:6:   due_jungle_book, layout_hall_layers, nicolae_volcano_entry_hallway,
          lookout_lair_type, uniq_urug
Swamp:1:  layout_basic_swamp, evilmike_swamp_ruin_house_4, uniq_frances
Swamp:2:  layout_basic_swamp, evilmike_swamp_ruin_house_6
Swamp:3:  layout_falls_marsh, nicolae_swamp_feature_on_the_river_bank, uniq_mara
Swamp:4:  swamp_alternative, layout_basic_swamp, ebering_ghost_xom, swamp_pool4,
          hangedman_swamp_cone
Snake:1:  layout_chambers, evilmike_ambush [evilmike_ambush_outer_basic,
          evilmike_ambush_inner_basic], uniq_jorgrun
Snake:2:  layout_honeycomb, uniq_mlioglotl
Snake:3:  layout_misc_corridors, nicolae_snake_gridmaze_swirls,
          nicolae_snake_squiggles, grunt_megastairs_3
Snake:4:  minmay_snake_end_coiled, layout_cave_town,
          nicolae_snake_magic_snake_eye, uniq_agnes
Orc:1:    layout_diamond_mine, elves_outpost_lemuel
Orc:2:    st_orc_open, layout_caves, serial_shops, nicolae_shop_statue_plus,
          mines2_david
Vaults:1: nicolae_vaults_network_star, vaults_dpeg_spiral,
          hangedman_vaults_trim, nicolae_vaults_circle_grid_b, v_misc_18,
          grunt_vaults_swirl, nicolae_vaults_network_s, v_rooms_5,
          minmay_guarded_unrand_secular_launcher,
          nicolae_vaults_little_squares_1, ontoclasm_vaults_loading_screen,
          layout_vaults_maze_bifur, serial_shops, nicolae_shop_waterfront
Vaults:2: nicolae_vaults_little_squares_3, vaults_mumra_chevron,
          hangedman_vaults_nails, hangedman_vaults_nodes,
          minmay_crypt_entry_simple_plaza, st_greater_box_4,
          nicolae_vaults_theta, ontoclasm_vaults_loading_screen, v_misc_27,
          vaults_room_corners, layout_vaults_omnicross

Skill      XL: |  1  2  3  4  5  6  7  8  9 10 11 12 13 14 15 16 17 18 19 |
---------------+----------------------------------------------------------+-----
Unarmed Combat | 4 5 6 8 9 10 11 12 13 15 16 18 19 21 22 23 | 23.2
Dodging        | 3 5 6 8 9 10 11 | 11.5
Fighting       | 3 4 5 7 9 10 11 | 11.1
Maces & Flails | 4 6 |  6.0
Armour         | 3 8 9 10 11 | 11.5
Throwing       | 3 8 |  8.6
Shields        | 2 5 7 12 | 12.0
Spellcasting   | |  1.0
Fire Magic     | |  2.1

Action                   |  1- 3 |  4- 6 |  7- 9 | 10-12 | 13-15 | 16-18 | 19-21 || total
-------------------------+-------+-------+-------+-------+-------+-------+-------++-------
Melee: Unarmed           |   119 |   106 |   229 |   635 |  1150 |  1543 |   420 ||  4202
       Punch             |     4 |     6 |     7 |    48 |   129 |   128 |    10 ||   332
       Morningstar       |       |       |       |     3 |       |       |       ||     3
       Whip              |       |       |       |       |    18 |    51 |       ||    69
       Trident           |       |       |       |       |       |       |     1 ||     1
Throw: Stone             |     7 |    12 |    10 |    10 |       |       |       ||    39
       Large rock        |     1 |    10 |    26 |    16 |   100 |   153 |    29 ||   335
Invok: Fiery Armour      |       |     2 |     2 |     1 |     3 |     2 |       ||    10
Evoke: Wand              |       |       |     5 |     2 |     7 |     1 |     1 ||    16
       Phantom mirror    |       |       |       |       |       |     2 |     1 ||     3
  Use: Scroll            |       |     5 |     2 |    12 |    19 |    10 |     7 ||    55
       Potion            |       |     2 |       |     4 |     4 |     7 |     5 ||    22
 Stab: Distracted        |       |       |       |       |     2 |     1 |       ||     3
Armor: Robe              |    21 |    39 |    31 |       |       |       |       ||    91
       Acid dragon scale |       |       |     9 |    98 |   263 |   406 |   130 ||   906
Dodge: Dodged            |    35 |    58 |    95 |   323 |   777 |   905 |   182 ||  2375
Block: Other             |       |       |    30 |   101 |       |       |    12 ||   143
       Reflection        |       |       |     1 |     7 |       |     6 |    17 ||    31
       Kite shield       |       |       |       |       |       |   338 |   261 ||   599
